 Dungeon Crawl Stone Soup version 0.30.1-11-g7821555f0a (webtiles) character file.

Game seed: 11242712808891002532

246 comborobin the Trooper (level 6, 0/57 HPs)
             Began as a Hill Orc Delver on Dec 23, 2023.
             Slain by a gnoll
             ... wielding a +2 whip of electrocution
              (11 damage)
             ... on level 4 of the Dungeon.
             The game lasted 00:01:29 (972 turns).

comborobin the Trooper (Hill Orc Delver)             Turns: 972, Time: 00:01:29

Health: 0/57       AC:  3    Str: 17    XL:     6   Next: 11%
Magic:  6/6        EV: 11    Int: 10    God:
Gold:   24         SH:  0    Dex: 12    Spells: 5/5 levels left

rFire   . . .        a - +0 war axe
rCold   . . .        (no shield)
rNeg    . . .        b - +0 leather armour
rPois   .            (no helmet)
rElec   .            (no cloak)
rCorr   .            (no gloves)
SInv    .            (no boots)
Will    .....        (no amulet)
Stlth   ++           (no ring)
HPRegen 0.29/turn    (no ring)
MPRegen 0.10/turn

%: no passive effects
@: hasted, very quick
A: no striking features
a: no special abilities


You were on level 4 of the Dungeon.
You visited 1 branch of the dungeon, and saw 4 of its levels.

You collected 24 gold pieces.

Inventory:

Hand Weapons
 a - a +0 war axe (weapon)
Armour
 b - a +0 leather armour (worn)
Wands
 g - a wand of digging (3)
 h - a wand of flame (2)
 i - a wand of iceblast (9)
Scrolls
 c - a scroll of fog
 d - a scroll of immolation {unknown}
 e - a scroll of fear
Potions
 k - a potion of degeneration {unknown}


   Skills:
 + Level 6.2 Fighting
 + Level 6.1 Axes
 - Level 1.5 Dodging
 - Level 4.1 Stealth


You had 5 spell levels left.
You didn't know any spells.
Your spell library was empty.

Dungeon Overview and Level Annotations

Branches:
Dungeon (6/15)
 Temple: D:4-7

Altars:


Message History

The kobold shouts!
You slash the gnoll!
You kill the gnoll!
The kobold throws a stone.
The stone closely misses you. The gnoll closely misses you.
A gnoll comes into view.
It is wielding a +0 flail of protection.
The kobold throws a stone.
The stone misses you. The gnoll hits you with a +0 spear.
A bat comes into view.
Things that are here:
a +0 spear; a scroll labelled HIQIOD DIBEDOM You barely miss the gnoll.
You hit the gnoll. The gnoll misses you.
The gnoll hits you with a +2 whip of electrocution!
The gnoll hits you with a +0 spear.
The gnoll hits you with a +2 whip of electrocution.
You barely miss the gnoll.
The gnoll is moderately wounded.
You barely miss the gnoll. You hit the gnoll.
A giant cockroach comes into view.
The gnoll hits you with a +2 whip of electrocution.
The gnoll hits you with a +0 spear.
The gnoll hits you with a +0 flail of protection!
* * * LOW HITPOINT WARNING * * *
The gnoll hits you but does no damage.
There is a stone staircase leading down, spattered with blood here.
Unknown command.
The gnoll hits you but does no damage. The gnoll barely misses you.
You climb downwards.
There is a stone staircase leading up here.
You completely miss the gnoll.
The gnoll is moderately wounded.
The gnoll hits you with a +2 whip of electrocution.
* * * LOW HITPOINT WARNING * * *
Okay, then.
Okay, then.
You feel yourself speed up.
The gnoll hits you with a +2 whip of electrocution.
* * * LOW HITPOINT WARNING * * *
You are electrocuted!
You die...

....###..............
.. ...............>.#
.. #####..####.....#
##
#.......#.....#######
#.>.....#.##........#
#.##..###.##........#
#.#.....#.##........#
# #.#...#.##........#
#.#@g...##........##
#.#.#.#..'........#.
#.......##........#.
#.......##........#.
#.......#######...^.
#.#.....### ####.
#.#.###...## ##
#.#........# #
#.######.# ###


You could see a gnoll.

Vanquished Creatures
  A scorpion (D:4)
  3 jellies (D:4)
  An iguana (D:4)
  A gnoll (D:3)
  4 adders (D:4)
  A dart slug (D:4)
  2 endoplasms
  3 giant cockroaches
  2 goblins (D:4)
  2 quokkas (D:4)
20 creatures vanquished.

Notes
Turn   | Place    | Note
-------+----------+-------------------------------------------
     0 | D:5      | comborobin the Hill Orc Delver began the quest for the Orb.
     0 | D:5      | Reached XP level 1. HP: 19/19 MP: 1/1
    32 | D:5      | Noticed a phantom
    76 | D:5      | Noticed an ogre
   214 | D:4      | Reached XP level 2. HP: 8/27 MP: 2/2
   423 | D:4      | Reached XP level 3. HP: 30/34 MP: 3/3
   497 | D:4      | Reached XP level 4. HP: 35/41 MP: 4/4
   538 | D:4      | Reached skill level 5 in Fighting
   542 | D:4      | Reached skill level 5 in Axes
   542 | D:4      | Reached XP level 5. HP: 20/48 MP: 5/5
   807 | D:4      | Reached XP level 6. HP: 42/57 MP: 6/6
   972 | D:4      | Slain by a gnoll

Illustrated notes

Levels and vault maps discovered:
D:3:      layout_loops_ring, ebering_ghost_sewer_f, uniq_crazy_yiuf_cottage
D:4:      layout_basic, general_overflow_altar, kennysheep_generic_room_8
D:5:      layout_layer_cave, serial_undead, serial_undead_c, serial_undead_f,
          serial_undead_b, serial_undead_c, serial_undead_b, serial_undead_e,
          due_unseen_surprise
D:6:      layout_loops_cross, cheibrodos_ashenzari_chains, serial_shops,
          shop_fountains, uniq_pikel

Skill      XL: |  1  2  3  4  5  6 |
---------------+-------------------+-----
Axes           | 3 4 5 6 |  6.1
Fighting       | 4 5 6 |  6.2
Dodging        | |  1.5
Stealth        | |  4.1

Action                     |  1- 3 |  4- 6 || total
---------------------------+-------+-------++-------
  Melee: Hand axe          |     8 |       ||     8
         War axe           |    13 |    50 ||    63
         Punch             |       |     1 ||     1
    Use: Scroll            |     2 |     1 ||     3
         Potion            |       |     2 ||     2
   Stab: Sleeping          |     3 |     2 ||     5
 Armour: Leather armour    |     4 |     8 ||    12
  Dodge: Dodged            |    12 |    41 ||    53
